 Dungeon Crawl Stone Soup version 0.31-a0-220-gc2f4f3cf83 (webtiles) character file.

Game seed: 10223347144837156209

232 qw the Shooter (level 6, -8/37 HPs)
             Began as a Gargoyle Hexslinger on July 3, 2023.
             Killed from afar by Ijyb (21 damage)
             ... with a bolt of acid
             ... on level 4 of the Dungeon.
             The game lasted 00:01:29 (2914 turns).

qw the Shooter (Gargoyle Hexslinger)                Turns: 2914, Time: 00:01:30

Health: -8/37      AC:  8    Str: 11    XL:     6   Next: 4%
Magic:  7/7        EV: 12    Int: 14    God:
Gold:   185        SH:  0    Dex: 14    Spells: 6/7 levels left

rFire   . . .        Y - +1 shortbow
rCold   . . .        (shield currently unavailable)
rNeg    + . .        c - +1 robe {Will+}
rPois   inf          d - +0 helmet
rElec   +            (no cloak)
rCorr   .            (no gloves)
SInv    .            (no boots)
Will    +....        (no amulet)
Stlth   +            (no ring)
HPRegen 0.26/turn    (no ring)
MPRegen 0.10/turn

%: no passive effects
@: no status effects
A: sickness immunity, AC +4, negative energy resistance 1, electricity
resistance, torment resistance 1, petrification resistance
a: no special abilities


You were on level 4 of the Dungeon.
You visited 1 branch of the dungeon, and saw 4 of its levels.

You collected 185 gold pieces.


Innate Abilities, Weirdness & Mutations

You are immune to sickness and miasma.
Your stone body is resilient. (AC +4)
You are immune to poison.
You resist negative energy. (rN+)
You are resistant to electric shocks. (rElec)
You are resistant to unholy torment.
You are immune to petrification.


   Skills:
 - Level 3.0 Fighting
 + Level 5.3 Ranged Weapons
 - Level 1.0 Armour
 - Level 1.5 Dodging
 - Level 1.0 Spellcasting
 - Level 2.6 Hexes


You had 6 spell levels left.
You knew the following spells:

 Your Spells              Type           Power      Damage    Failure   Level
a - Slow                  Hex            32%        N/A       9%          1

Your spell library contained the following spells:

 Spells                   Type           Power      Damage    Failure   Level
 Inner Flame              Hex/Fire       4%         N/A       41%         3
 Portal Projectile        Hex/Tloc       8%         N/A       41%         3
 Cause Fear               Hex            4%         N/A       65%         4

Inventory:

Hand Weapons
 Y - a +1 shortbow (weapon)
Armour
 c - a +1 robe of willpower (worn)
 d - a +0 helmet (worn)
 e - a +0 ring mail
Scrolls
 a - 5 scrolls of identify
Potions
 f - a potion of might

Dungeon Overview and Level Annotations

Branches:
Dungeon (4/15)
 Temple: D:4-7

Altars:
Ashenzari
Dithmenos
Trog

Annotations:
D:4 Ijyb


Message History

2886 ||| FLEEEEING.
There is an open door here.
2887 ||| FLEEEEING.
2888 ||| STILL FLEEEEING.
Enter note:
Enter note:
Enter note:
Enter note:
Enter note:
Enter note:
2889 ||| STILL FLEEEEING.
2890 ||| STILL FLEEEEING.
2891 ||| STILL FLEEEEING.
There is a stone staircase leading up here.
2892 ||| STAIRDANCE You climb upwards.
There is a stone staircase leading down here.
You start resting.
HP restored.
Done exploring.
2911 ||| READING scroll labelled ZELOHE LUEGI.
Blink to where?
Press: ? - help, Dir - move target, f - you Are you sure you want to cancel this blink?
As you read the scroll labelled ZELOHE LUEGI, it crumbles to dust.
It was a scroll of blinking.
Done exploring.
(D) Dungeon
Where to? (* - list waypoints, Enter - D:4, ? - help)
What level of the Dungeon? (default 1, ? - help)
You climb downwards.
Level annotation: Ijyb
There is a stone staircase leading up here.
Ijyb is nearby!
You shoot an arrow. The arrow barely misses Ijyb.
Ijyb zaps a wand.
The bolt of acid hits you!!
Ouch! That really hurt!
Ijyb zaps a wand.
The bolt of acid hits you!!
Ouch! That really hurt!
You die...

#..........#########......
#.........................
#..............#..........
#.......###'####....##.##.
#........#.....##....##+##.
#........#.g...........%.'.
........#...............#.
........#...............#.
........#@##..##.####'###+
###+##+##+# ..# .##....#
.... .#....# ..... #....#
... #....# ## ## #.##.#
#..##.##.##.##.
...............
...............


You could see Ijyb.

Vanquished Creatures
  An orc wizard (D:3)
  Natasha (twice) (D:3)
  Robin (D:3)
  5 adders
  5 orcs (D:3)
  7 ball pythons
  8 bats
  5 endoplasms
  4 giant cockroaches
  22 goblins
  6 hobgoblins
  6 jackals
  A kobold (D:2)
  4 quokkas
  4 frilled lizards
  7 rats
88 creatures vanquished.

Notes
Turn   | Place    | Note
-------+----------+-------------------------------------------
     0 | D:1      | qw the Gargoyle Hexslinger began the quest for the Orb.
     0 | D:1      | Reached XP level 1. HP: 12/12 MP: 2/2
     0 | D:1      | 0 ||| qw: Version: 0.3-a-40-ge99b1a8
     0 | D:1      | 0 ||| qw: Game counter: 477
     0 | D:1      | 0 ||| qw: Melee chars always use a shield: true
     0 | D:1      | 0 ||| qw: God list: Okawaru
     0 | D:1      | 0 ||| qw: Allow faded altars: false
     0 | D:1      | 0 ||| qw: Do Orc after clearing Dungeon:15 true
     0 | D:1      | 0 ||| qw: Do second Lair branch before Depths: true
     0 | D:1      | 0 ||| qw: Lair rune preference: random
     0 | D:1      | 0 ||| qw: Goals: Normal
     0 | D:1      | 0 ||| PLANNING D:1-11
   299 | D:1      | Reached XP level 2. HP: 16/16 MP: 3/3
   338 | D:1      | Reached skill level 3 in Ranged Weapons
   524 | D:1      | Reached XP level 3. HP: 21/21 MP: 4/4
   698 | D:1      | 698 ||| READING 3 scrolls labelled CIXTOG PARAXEH.
   699 | D:1      | 699 ||| READING 3 scrolls labelled SURU SEZXEGGO.
   700 | D:1      | 700 ||| READING 2 scrolls of identify.
   700 | D:1      | 700 ||| IDENTIFYING viscous ruby potion
   701 | D:1      | 701 ||| DROPPING scroll of poison.
   702 | D:1      | 702 ||| DROPPING 2 scrolls of amnesia.
   733 | D:2      | 733 ||| SWAPPING to +0 shortbow.
   734 | D:2      | 734 ||| DROPPING +1 sling.
  1129 | D:2      | Reached XP level 4. HP: 26/26 MP: 5/5
  1258 | D:2      | 1258 ||| UPGRADING to +0 ring mail.
  1268 | D:2      | 1268 ||| DROPPING +0 robe.
  1269 | D:2      | 1269 ||| READING 2 scrolls labelled KORAUCRYNKOI.
  1270 | D:2      | 1270 ||| DROPPING scroll of noise.
  1342 | D:3      | Reached skill level 4 in Ranged Weapons
  1355 | D:3      | Found a broken altar of Ashenzari.
  1536 | D:3      | Reached skill level 1 in Armour
  1567 | D:3      | 1567 ||| FLEEEEING.
  1651 | D:3      | Reached XP level 5. HP: 22/30 MP: 6/6
  1714 | D:3      | Noticed Robin
  1720 | D:3      | Killed Robin
  2055 | D:3      | Found a bloodstained altar of Trog.
  2099 | D:3      | Noticed Natasha
  2105 | D:3      | Killed Natasha
  2106 | D:3      | Reached skill level 5 in Ranged Weapons
  2431 | D:3      | Noticed Natasha
  2437 | D:3      | Killed Natasha
  2522 | D:3      | 2522 ||| UPGRADING to +1 robe of willpower.
  2532 | D:3      | 2532 ||| UPGRADING to +0 helmet.
  2537 | D:3      | 2537 ||| READING 2 scrolls labelled SUAPEBB FEREHE.
  2538 | D:3      | 2538 ||| READING scroll labelled YBRIEJ IROADAST.
  2539 | D:3      | 2539 ||| READING 2 scrolls labelled WIHI WIVEA.
  2540 | D:3      | 2540 ||| READING scroll labelled TOESTOSUTE.
  2561 | D:3      | 2561 ||| READING 5 scrolls of identify.
  2561 | D:3      | 2561 ||| IDENTIFYING orange potion
  2562 | D:3      | 2562 ||| DROPPING scroll of fear.
  2563 | D:3      | 2563 ||| DROPPING scroll of vulnerability.
  2564 | D:3      | 2564 ||| DROPPING potion of attraction.
  2677 | D:4      | Reached skill level 3 in Fighting
  2718 | D:4      | Found a shadowy altar of Dithmenos.
  2769 | D:4      | Reached XP level 6. HP: 37/37 MP: 7/7
  2851 | D:4      | Noticed Ijyb
  2854 | D:4      | 2854 ||| FLEEEEING.
  2855 | D:4      | 2855 ||| FLEEEEING.
  2859 | D:4      | 2859 ||| FLEEEEING.
  2860 | D:4      | 2860 ||| FLEEEEING.
  2861 | D:4      | 2861 ||| FLEEEEING.
  2862 | D:4      | 2862 ||| FLEEEEING.
  2863 | D:4      | 2863 ||| FLEEEEING.
  2864 | D:4      | 2864 ||| FLEEEEING.
  2865 | D:4      | 2865 ||| FLEEEEING.
  2866 | D:4      | 2866 ||| FLEEEEING.
  2867 | D:4      | 2867 ||| FLEEEEING.
  2868 | D:4      | 2868 ||| FLEEEEING.
  2869 | D:4      | 2869 ||| FLEEEEING.
  2870 | D:4      | 2870 ||| FLEEEEING.
  2871 | D:4      | 2871 ||| FLEEEEING.
  2872 | D:4      | 2872 ||| FLEEEEING.
  2873 | D:4      | 2873 ||| FLEEEEING.
  2874 | D:4      | 2874 ||| FLEEEEING.
  2875 | D:4      | 2875 ||| FLEEEEING.
  2879 | D:4      | 2879 ||| FLEEEEING.
  2880 | D:4      | 2880 ||| FLEEEEING.
  2881 | D:4      | 2881 ||| FLEEEEING.
  2882 | D:4      | 2882 ||| FLEEEEING.
  2883 | D:4      | 2883 ||| FLEEEEING.
  2884 | D:4      | 2884 ||| FLEEEEING.
  2885 | D:4      | 2885 ||| FLEEEEING.
  2886 | D:4      | 2886 ||| FLEEEEING.
  2887 | D:4      | 2887 ||| FLEEEEING.
  2892 | D:4      | 2892 ||| STAIRDANCE
  2911 | D:3      | 2911 ||| READING scroll labelled ZELOHE LUEGI.
  2914 | D:4      | Killed from afar by Ijyb

Levels and vault maps discovered:
D:1:      amcnicky_arrival_blooded_trapdoor, layout_loops_ring,
          minmay_gold_behind_fungi
D:2:      layout_rooms
D:3:      layout_loops_ring, lightli_temple_of_fire,
          nicolae_ashenzari_panopticon, chequers_mini_garden, uniq_natasha,
          uniq_robin
D:4:      kennysheep_goblin_castle, layout_gridville,
          nicolae_overflow_hidden_temple, abandoned_shop

Skill      XL: |  1  2  3  4  5 |
---------------+----------------+-----
Ranged Weapons | 3 4 5 |  5.3
Fighting       | 2 3 |  3.0
Armour         | 1 |  1.0
Dodging        | |  1.5
Spellcasting   | |  1.0
Hexes          | |  2.6

Action                     |  1- 3 |  4- 6 || total
---------------------------+-------+-------++-------
   Fire: Sling             |    72 |       ||    72
         Shortbow          |    59 |   240 ||   299
    Use: Scroll            |     3 |     7 ||    10
 Armour: Robe              |    23 |     5 ||    28
         Ring mail         |       |    84 ||    84
  Dodge: Dodged            |    45 |    81 ||   126

Table legend:
 A = Non-vault XP
 B = Vault XP
 C = Vault XP percentage of total XP
 D = Non-vault monster count
 E = Vault monster count
 F = Vault count percentage of total count
                 A         B        C        D         E       F
            +---------+---------+-------+---------+---------+-------
      Total |     242 |      90 |  27.1 |      65 |      23 |  26.1
            +---------+---------+-------+---------+---------+-------
        D:1 |      39 |       0 |   0.0 |      24 |       0 |   0.0
        D:2 |      45 |       0 |   0.0 |      14 |       0 |   0.0
        D:3 |     152 |      69 |  31.2 |      24 |      12 |  33.3
        D:4 |       6 |      21 |  77.8 |       3 |      11 |  78.6
            +---------+---------+-------+---------+---------+-------
